 Dungeon Crawl Stone Soup version 0.16-a0-1120-gd281f79 (webtiles) character file.

819 Ololoev the Chiller (level 7, -3/41 HPs)
             Began as an Octopode Ice Elementalist on Oct 6, 2014.
             Slain by a goliath beetle (29 damage)
             ... on level 6 of the Dungeon.
             The game lasted 00:22:12 (4852 turns).

Ololoev the Chiller (Octopode Ice Elementalist)     Turns: 4852, Time: 00:22:12

Health: -3/41      AC:  6    Str:  8    XL:     7   Next: 95%
Magic:  1/17       EV: 12    Int: 24    God:
Gold:   227        SH:  0    Dex: 12    Spells: 3 memorised, 7 levels left

rFire  . . .     SeeInvis .     v - +1 short sword (protect)
rCold  + . .     Clarity  .     (no shield)
rNeg   . . .     SustAb   .     (helmet restricted)
rPois  .         Gourm    .     (no amulet)
rElec  .         Spirit   .     e - +3 ring of intelligence
rCorr  .         Warding  .     j - ring of protection from cold
rMut   .         Stasis   .     l - ring of teleport control
MR     .....                    x - +2 ring of intelligence
Stlth  +++.......               (no ring)
                                (no ring)
                                (no ring)
                                (no ring)

@: not resistant to hostile enchantments, fairly stealthy
A: almost no armour, amphibious, 8 rings, constrict 8, camouflage 1, gelatinous
body 1
a: Evoke Teleport Control


You were on level 6 of the Dungeon.
You were not hungry.

You visited 1 branch of the dungeon, and saw 6 of its levels.

You collected 227 gold pieces.

Inventory:

Hand weapons
 v - a +1 short sword of protection (weapon)
Comestibles
 c - 2 bread rations
 h - a meat ration
 i - 3 chunks of orc flesh
 o - a beef jerky
Scrolls
 a - a scroll of enchant armour
 d - a scroll of recharging
 g - 2 scrolls of blinking
 k - a scroll of random uselessness {unknown}
 y - a scroll of teleportation
Jewellery
 e - a +3 ring of intelligence (left tentacle)
 j - a ring of protection from cold (right tentacle)
 l - a ring of teleport control (on tentacle)
 m - an uncursed ring of teleportation
 x - a +2 ring of intelligence (on tentacle)
Potions
 f - a potion of restore abilities {unknown}
 r - a potion of curing
 t - a potion of flight
 u - a potion of poison {unknown}
 w - 2 potions of cancellation
Books
 b - a book of Frost

   Spells                             Type                      Level
   *Freeze                            Ice                          1
   *Throw Frost                       Conjuration/Ice              2
   Ozocubu's Armour                   Charms/Ice                   3
   *Throw Icicle                      Conjuration/Ice              4
   Summon Ice Beast                   Ice/Summoning                4
   Condensation Shield                Ice                          4
 p - a book of Ice

   Spells                             Type                      Level
   Metabolic Englaciation             Hexes/Ice                    5
   Ozocubu's Refrigeration            Ice                          6
   Bolt of Cold                       Conjuration/Ice              6
   Freezing Cloud                     Conjuration/Ice/Air          6
   Simulacrum                         Ice/Necromancy               6
Magical staves
 q - an uncursed staff of poison


   Skills:
 - Level 2.0 Dodging
 - Level 2.6 Stealth
 + Level 4.4 Spellcasting
 * Level 5.2 Conjurations
 + Level 5.9 Ice Magic


You had 7 spell levels left.
You knew the following spells:

 Your Spells              Type           Power        Failure   Level  Hunger
a - Freeze                Ice            ####         1%          1    None
b - Throw Frost           Conj/Ice       ####..       1%          2    None
c - Throw Icicle          Conj/Ice       ####....     12%         4    ####...


Dungeon Overview and Level Annotations

Branches:
Dungeon (6/15)
 Temple: D:4-7

Altars:
Ashenzari
Dithmenos
Gozag
Okawaru
Qazlal
Zin

Shops:
D:5 (*

Annotations:
D:4 Edmund; RobertPalmer's ghost, average OpGl


Innate Abilities, Weirdness & Mutations

You cannot wear most types of armour.
You are amphibious.
You can wear up to eight rings at the same time.
You can use your tentacles to constrict many enemies at once.
Your skin changes colour to match your surroundings (Stealth).
Your rubbery body absorbs attacks (AC +1).


Message History

You hit the goliath beetle.
The goliath beetle is heavily wounded.
You constrict the goliath beetle, but do no damage.
The goliath beetle closely misses you.
You hit the goliath beetle but do no damage.
The goliath beetle is heavily wounded.
You constrict the goliath beetle.
You hit the goliath beetle but do no damage.
The goliath beetle is heavily wounded.
You constrict the goliath beetle, but do no damage.
The goliath beetle bites you!
You hit the goliath beetle but do no damage.
The goliath beetle is heavily wounded.
You constrict the goliath beetle.
You hit the goliath beetle but do no damage.
The goliath beetle is heavily wounded.
You constrict the goliath beetle, but do no damage.
The goliath beetle bites you!!
Ouch! That really hurt!
You die...

#.....# #.....# #####
##.....## .....## #.......#
#........###.......#
#..........##.).....#
##..........###.....## .
.#..........###.....# ...
.#..........##..@B..# #....
...............####.##.......
#......................#
...........########..........
.....).....................)
......)............B....####
#...........##..........#
............# .#######...
.#..........# #...


You could see a goliath beetle.

Vanquished Creatures
  An ogre (D:5)
  A centaur (D:5)
  Sigmund (D:6)
  A water moccasin zombie (D:5)
  A scorpion (D:5)
  2 goliath beetles (D:6)
  A crimson imp (D:3)
  A quasit (D:5)
  A jelly (D:5)
  An orc priest (D:5)
  4 orc wizards
  5 adders
  A giant mite (D:5)
  2 shadow imps (D:5)
  2 worms (D:3)
  An adder skeleton (D:5)
  5 giant geckos
  An ooze (D:5)
  6 orcs
  11 bats
  3 giant cockroaches
  10 goblins
  10 hobgoblins
  6 jackals
  11 kobolds
  A quokka (D:2)
  A ball python (D:1)
  8 giant newts
  11 rats
110 creatures vanquished.

Notes
Turn   | Place    | Note
--------------------------------------------------------------
     0 | D:1      | Ololoev, the Octopode Ice Elementalist, began the quest for the Orb.
     0 | D:1      | Reached XP level 1. HP: 11/11 MP: 3/3
   231 | D:1      | Reached XP level 2. HP: 12/17 MP: 4/4
   888 | D:1      | Reached XP level 3. HP: 18/21 MP: 6/6
  1071 | D:1      | Learned a level 2 spell: Throw Frost
  1076 | D:2      | Reached skill level 4 in Ice Magic
  1693 | D:3      | Found an iron altar of Okawaru.
  1724 | D:3      | Reached XP level 4. HP: 18/27 MP: 0/8
  1929 | D:3      | Found a stormy altar of Qazlal.
  1958 | D:3      | Learned a level 4 spell: Throw Icicle
  2186 | D:3      | Reached XP level 5. HP: 8/31 MP: 1/11
  2355 | D:3      | Found a glowing silver altar of Zin.
  2478 | D:3      | Found a shadowy altar of Dithmenos.
  2478 | D:3      | Found a shattered altar of Ashenzari.
  2821 | D:4      | Noticed RobertPalmer's ghost (average OpGl)
  3151 | D:4      | Noticed Edmund
  3469 | D:5      | Entered Level 5 of the Dungeon
  3522 | D:5      | Reached skill level 5 in Ice Magic
  3540 | D:5      | Reached XP level 6. HP: 30/36 MP: 4/13
  3550 | D:5      | Noticed an ogre
  3607 | D:5      | Noticed a centaur
  3624 | D:5      | Killed an ogre
  3633 | D:5      | Killed a centaur
  3633 | D:5      | Reached XP level 7. HP: 35/41 MP: 1/15
  3892 | D:5      | Found Taaduxap's Weapon Shop.
  3941 | D:5      | Found an opulent altar of Gozag.
  3945 | D:5      | Found Gozag's Platinum Reserve.
  4710 | D:6      | Reached skill level 5 in Conjurations
  4809 | D:6      | Noticed Sigmund
  4821 | D:6      | Killed Sigmund
  4852 | D:6      | Slain by a goliath beetle

Action                   |  1- 3 |  4- 6 |  7- 9 || total
-------------------------+-------+-------+-------++-------
Melee: Unarmed           |    82 |       |       ||    82
       Short sword       |     2 |    51 |    74 ||   127
       Staff             |       |    40 |       ||    40
 Cast: Freeze            |    14 |    11 |     8 ||    33
       Throw Frost       |     9 |    20 |    18 ||    47
       Throw Icicle      |       |     2 |    20 ||    22
 Abil: Evoke Teleport Co |       |       |     1 ||     1
  Use: Potion            |       |     3 |       ||     3
       Scroll            |       |       |     9 ||     9
 Stab: Sleeping          |     4 |     2 |     1 ||     7
  Eat: Chunk             |     3 |     7 |     8 ||    18
